 Dungeon Crawl Stone Soup version 0.30.0-10-gfe55d96785 (webtiles) character file.

Game seed: 17059140062423671132

121 browni3141 the Digger (level 5, -1/35 HPs)
             Began as a Barachi Earth Elementalist on May 13, 2023.
             Slain by Natasha (7 damage)
             ... on level 3 of the Dungeon.
             The game lasted 00:03:57 (2045 turns).

browni3141 the Digger (Barachi Earth Elementalist)  Turns: 2045, Time: 00:03:57

Health: -1/35      AC:  2    Str: 10    XL:     5   Next: 5%
Magic:  0/9        EV: 12    Int: 17    God:
Gold:   133        SH:  0    Dex: 12    Spells: 8/9 levels left

rFire   . . .        P - +0 short sword
rCold   . . .        (no shield)
rNeg    . . .        a - +0 robe
rPois   .            (no helmet)
rElec   .            (no cloak)
rCorr   .            (no gloves)
SInv    .            (no boots)
Will    .....        (no amulet)
Stlth   +            (no ring)
HPRegen 0.25/turn    (no ring)
MPRegen 0.11/turn

%: no passive effects
@: confused, unable to hop, slow
A: amphibious, slowness 1, strong legs 1, +LOS
a: Hop


You were on level 3 of the Dungeon.
You visited 1 branch of the dungeon, and saw 3 of its levels.

You collected 133 gold pieces.

Inventory:

Hand Weapons
 N - a +0 dagger
 P - a +0 short sword (weapon)
Missiles
 J - 6 poisoned darts
 L - 3 silver javelins
Armour
 a - a +0 robe (worn)
 R - a +0 pair of gloves
Scrolls
 o - a scroll of enchant weapon {unknown}
 p - 2 scrolls of fog {unknown}
 q - a scroll of torment {unknown}
 r - 2 scrolls of identify {unknown}
 K - 4 scrolls of teleportation {unknown}
 O - 3 scrolls of poison {unknown}
 S - a scroll of amnesia {unknown}
 T - a scroll of blinking {unknown}
Potions
 m - a potion of magic
 n - a potion of mutation {unknown}
 C - 2 potions of curing
 Q - a potion of attraction {unknown}
 U - a potion of lignification {unknown}


   Skills:
 + Level 0.2 Fighting
 - Level 3.0 Dodging
 * Level 2.7 Stealth
 + Level 2.9 Spellcasting
 + Level 2.3 Transmutations
 + Level 3.6 Earth Magic


You had 8 spell levels left.
You knew the following spells:

 Your Spells              Type           Power      Damage    Failure   Level
a - Sandblast             Erth           28%        2d8       4%          1

Your spell library contained the following spells:

 Spells                   Type           Power      Damage    Failure   Level
 Passwall                 Tmut/Erth      10%        N/A       8%          2
 Kiss of Death            Conj/Necr      8%         2d6       19%         1
 Necrotise                Necr           8%         1d4       19%         1
 Cigotuvi's Dreadful Rot  Necr/Pois/Air  4%         N/A       26%         2
 Stone Arrow              Conj/Erth      16%        3d8       26%         3
 Petrify                  Tmut/Erth      12%        N/A       45%         4


Dungeon Overview and Level Annotations

Branches:
Dungeon (3/15)

Altars:

Shops:
D:1 :!

Annotations:
D:3 Natasha


Innate Abilities, Weirdness & Mutations

You are amphibious.
You cover ground slowly.
You can hop short distances.
You have an extended range of vision and can be seen from far away.


Message History

Press: ? - help, Q - select action, (/) - cycle Shift-Dir - straight line, f - orc
Aim: an orc, wielding a +0 short sword and wearing a +0 chain mail (87% to hit)
The blast of sand hits the orc but does no damage.
The orc wizard gestures at you while chanting.
You are confused.
You're too confused to cast spells.
Unknown command.
You bump into the rock wall.
You feel less confused.
The orc wizard gestures wildly while chanting.
The orc wizard flickers and vanishes!
Deactivating autopickup; reactivate with Ctrl-A.
Natasha, Servant of Life and Death comes into view.
An adder comes into view.
Aiming: Sandblast (safe; 4% risk of failure)
Press: ? - help, Q - select action, (/) - cycle Shift-Dir - straight line, f/p - orc
Aim: an orc, wielding a +0 short sword and wearing a +0 chain mail (87% to hit)
Okay, then.
Unknown command.
Unknown command.
The adder barely misses you. The adder bites you. x2
You are poisoned.
The adder poisons you! The adder attacks as you move away!
The adder misses you.
You feel sick. The adder attacks as you move away!
The adder closely misses you.
You feel sick.
Natasha hisses angrily.
The adder closely misses you.
Aiming: Sandblast (safe; 4% risk of failure)
Press: ? - help, Q - select action, (/) - cycle Shift-Dir - straight line, f - Natasha, p - orc
Aim: Natasha (77% to hit)
You miscast Sandblast.
You are very lightly contaminated with residual magic.
Nothing appears to happen.
You feel sick. The adder misses you.
Aiming: Sandblast (safe; 4% risk of failure)
Press: ? - help, Q - select action, (/) - cycle Shift-Dir - straight line, f/p - Natasha
Aim: Natasha (77% to hit)
The blast of sand hits the adder!
You kill the adder!
You feel sick.
Natasha wildly gestures.
You feel troubled.
Natasha casts a spell.
You have reached level 5!
Aiming: Sandblast (safe; 4% risk of failure)
Press: ? - help, Q - select action, (/) - cycle Shift-Dir - straight line, f/p - Natasha
Aim: Natasha (77% to hit)
The blast of sand hits Natasha but does no damage.
You feel sick.
You are no longer poisoned.
You hear some strange, mumbled words.
You are confused.
You're too confused to cast spells.
It was a potion of curing.
You feel better.
C - 3 potions of curing Natasha stares at you and mumbles some strange words.
The magic dart hits you.
* * * LOW HITPOINT WARNING * * *
You hear some strange, mumbled words.
Something tries to affect you, but you resist.
Unknown command.
Aiming: Sandblast (safe; 4% risk of failure)
Press: ? - help, Q - select action, (/) - cycle Shift-Dir - straight line, f - Natasha
Aim: Natasha (77% to hit)
The blast of sand hits Natasha!
Natasha is heavily wounded.
Natasha completely misses you. Something hits you.
* * * LOW HITPOINT WARNING * * *
Natasha claws you.
* * * LOW HITPOINT WARNING * * *
You hear some strange, mumbled words.
A puff of flame appears from out of thin air!
The puff of flame hits you!
* * * LOW HITPOINT WARNING * * *
Unknown command.
You feel better.
Natasha drinks a potion.
Natasha is healed!
Something hits you but does no damage.
Your magical contamination has completely faded away.
Aiming: Sandblast (safe; 4% risk of failure)
Press: ? - help, Q - select action, (/) - cycle Shift-Dir - straight line, f/p - Natasha
Aim: Natasha (77% to hit)
The blast of sand hits Natasha.
Natasha is lightly wounded.
Natasha closely misses you. Something hits you.
* * * LOW HITPOINT WARNING * * *
Aiming: Sandblast (safe; 4% risk of failure)
Press: ? - help, Q - select action, (/) - cycle Shift-Dir - straight line, f/p - Natasha
Aim: Natasha (lightly wounded, 77% to hit)
The blast of sand misses Natasha.
The blast of sand hits the orc!
You kill the orc!
Natasha barely misses you.
You hear some strange, mumbled words.
You are confused.
The cerulean imp closely misses you. Natasha misses you. Something hits you.
* * * LOW HITPOINT WARNING * * *
Unknown command.
You bump into the rock wall.
The cerulean imp misses you. Natasha claws you!
You die...

.....###########
...............
.##..........#
..#..........# #
#............# .#
#.#..†.......# ###.
'.###....##### #..
#.###....# #.#
#......#########@#
#.............oh{#
#..........##.5###
#..........##....#
#......#####.......!
#......# .........#.
..#................#
.####.#..........#...
# #+##......########


You could see Natasha, a cerulean imp (summoned) and an orc.

Vanquished Creatures
  Natasha (D:3)
  3 adders
  A worm (D:2)
  3 dart slugs
  2 orcs (D:3)
  3 endoplasms (D:1)
  2 giant cockroaches
  6 goblins
  3 hobgoblins
  6 jackals
  2 quokkas (D:1)
  7 ball pythons
  9 bats
  2 frilled lizards
  3 kobolds
  4 rats
57 creatures vanquished.

Notes
Turn   | Place    | Note
-------+----------+-------------------------------------------
     0 | D:1      | browni3141 the Barachi Earth Elementalist began the quest
                  | for the Orb.
     0 | D:1      | Reached XP level 1. HP: 13/13 MP: 3/3
    75 | D:1      | Found Nenk's Book Shoppe.
   201 | D:1      | Reached XP level 2. HP: 19/19 MP: 1/5
   292 | D:1      | You fall into a shaft and drop 1 floor!
   442 | D:1      | Found Qoplax's Distillery.
   511 | D:1      | Reached XP level 3. HP: 24/24 MP: 4/6
   854 | D:1      | Got the Anthology of the Crypt
  1459 | D:2      | Reached XP level 4. HP: 30/30 MP: 6/8
  1889 | D:3      | Noticed Natasha
  1892 | D:3      | Killed Natasha
  1893 | D:3      | Reached skill level 3 in Dodging
  2031 | D:3      | Noticed Natasha
  2039 | D:3      | Reached XP level 5. HP: 13/35 MP: 3/9
  2041 | D:3      | HP: 1/35 [something/puff of flame (7)]
  2045 | D:3      | Slain by Natasha

Illustrated notes

Levels and vault maps discovered:
D:1:      minmay_arrival_hallway, layout_loops_ring, serial_shops, shop, shop,
          kennysheep_boxes
D:2:      layout_basic
D:3:      layout_basic, minivault_25, uniq_natasha

Skill      XL: |  1  2  3  4 |
---------------+-------------+-----
Stealth        | 2 |  2.7
Transmutations | 2 |  2.3
Dodging        | 3 |  3.0
Fighting       | |  0.2
Spellcasting   | |  2.9
Earth Magic    | |  3.6

Action                     |  1- 3 |  4- 6 || total
---------------------------+-------+-------++-------
  Melee: Unarmed           |    26 |       ||    26
         Punch             |     1 |       ||     1
         Short sword       |       |     2 ||     2
   Cast: Sandblast         |    58 |    24 ||    82
Ability: Hop               |     2 |     1 ||     3
    Use: Potion            |       |     2 ||     2
 Armour: Robe              |     7 |     3 ||    10
  Dodge: Dodged            |    41 |    18 ||    59
